 Dungeon Crawl Stone Soup version 0.24.0-37-gcf1ca852f1 (webtiles) character file.

Game seed: 15683544241373851510, levelgen mode: deterministic

223 theswoord the Shield-Bearer (level 5, -7/42 HPs)
             Began as a Demonspawn Fighter on Nov 24, 2019.
             Mangled by an ogre
             ... wielding a +0 giant club
              (19 damage)
             ... on level 4 of the Dungeon.
             The game lasted 00:04:10 (2838 turns).

theswoord the Shield-Bearer (Demonspawn Fighter)    Turns: 2838, Time: 00:04:12

Health: -7/42      AC:  9    Str: 16    XL:     5   Next: 66%
Magic:  0/5        EV:  4    Int:  9    God:
Gold:   103        SH:  9    Dex: 14    Spells: 4/4 levels left

rFire    . . .     SeeInvis .   a - +0 war axe
rCold    . . .     Gourm    .   c - +0 shield
rNeg     . . .     Faith    .   n - +0 chain mail
rPois    +         Spirit   +   (no helmet)
rElec    .         Reflect  .   (no cloak)
rCorr    .         Harm     .   (no gloves)
MR       .....                  (no boots)
Stlth    ..........             o - amulet of regeneration
HPRegen  0.54/turn              h - ring of poison resistance
MPRegen  0.09/turn              (no ring)

@: no status effects
A: hooves 1, rugged brown scales 1, magic shield
a: no special abilities


You were on level 4 of the Dungeon.
You were hungry.

You visited 1 branch of the dungeon, and saw 4 of its levels.

You collected 103 gold pieces.

Inventory:

Hand Weapons
 a - a +0 war axe (weapon)
Armour
 b - a +0 scale mail
 c - a +0 shield (worn)
 n - a +0 chain mail (worn)
Jewellery
 h - a ring of poison resistance (left hand)
 o - an amulet of regeneration (around neck)
Wands
 s - a wand of clouds (3)
Scrolls
 l - a scroll of fog
Potions
 d - a potion of might
 e - 3 potions of agility {unknown}
 j - 2 potions of curing {unknown}
 m - a potion of mutation {unknown}
 q - a potion of haste
Comestibles
 f - 9 rations
 g - 8 chunks of flesh


   Skills:
 - Level 3.0 Fighting
 + Level 4.0 Axes
 - Level 2.6 Armour
 + Level 4.5 Shields


You had 4 spell levels left.
You didn't know any spells.
Your spell library contained the following spells:

 Spells                   Type           Power        Failure   Level  Hunger
 Animate Skeleton         Necr           N/A          100%        1    ##.....
 Apportation              Tloc           #.....       100%        1    ##.....
 Confusing Touch          Hex            #.....       100%        1    ##.....
 Summon Small Mammal      Summ           #...         100%        1    ##.....


Dungeon Overview and Level Annotations

Branches:
Dungeon (4/15)
 Temple: D:4-7

Altars:
Trog


Innate Abilities, Weirdness & Mutations

You have large cloven feet.
You are partially covered in rugged brown scales. (AC +1, +3% HP)
When hurt, damage is shared between your health and your magic reserves.


Message History

An orc priest comes into view. It is wielding a +0 club.
You slash the ogre! You kick the ogre.
The ogre is heavily wounded.
The ogre hits you with a +0 giant club!!
A worker ant comes into view.
You hit the ogre but do no damage. You kick the ogre.
The ogre is severely wounded.
You barely miss the orc. The orc hits you with a +0 club.
* * * LOW HITPOINT WARNING * * *
The ogre hits you with a +0 giant club!
* * * LOW HITPOINT WARNING * * *
The orc hits you but does no damage.
You hit the ogre.
The ogre is almost dead.
You slash the orc!
You kill the orc!
Your shield and chain mail prevent you from hitting the orc.
You block the orc's attack.
The ogre hits you with a +0 giant club!!
You die...

#.........##....,,,,** **,,,,,*
#...............,,,..# **,,,**
##..............,,,..* **,,,,,*
###.÷..........,,>o.### **,,,,,,,
#............##,**....##*,,,≈≈≈,,
#........#....####o.....,,,≈≈≈≈≈,
..#.#...##...........a..<,,≈≈*≈≈,
.#####.##.......)o......*,,≈≈≈≈≈,
................@O......*,,,≈≈≈,,
...#.÷........#.........**,,,,,,,
#..#........###.........,**,,,,,,
......##...(...(........***,,,,,,
.##..###...##.......#.#.,,,,,,,,,
.###.#*##..#..##........,,,,,,***
..#..,**#.#.....?.#.#..#,,,,,,*,,
.....,**...........#...,,,,,,,,,,
##...,,**(.###,,*,*,*,,,,,,,,,,,,


You could see an ogre, a worker ant, an orc priest and 2 orcs.

Vanquished Creatures
  Jessica (D:3)
  2 worker ants (D:4)
  5 adders
  2 gnolls (D:3)
  An ooze (D:4)
  3 worms
  A leopard gecko (D:2)
  An orc (D:4)
  2 bats
  8 giant cockroaches
  7 goblins
  7 hobgoblins
  7 jackals
  A quokka (D:4)
  3 ball pythons (D:1)
  3 frilled lizards
  8 kobolds
  12 rats
74 creatures vanquished.

Vanquished Creatures (others)
  Ijyb (D:3)
1 creature vanquished.

Grand Total: 75 creatures vanquished

Notes
Turn   | Place    | Note
-------+----------+-------------------------------------------
     0 | D:1      | theswoord the Demonspawn Fighter began the quest for the
                  | Orb.
     0 | D:1      | Reached XP level 1. HP: 18/18 MP: 1/1
    45 | D:1      | Gained mutation: When hurt, damage is shared between your
                  | health and your magic reserves. [demonic ancestry]
    45 | D:1      | Reached XP level 2. HP: 24/24 MP: 2/2
   563 | D:2      | Gained mutation: You are partially covered in rugged brown
                  | scales. (AC +1, +3% HP) [demonic ancestry]
   563 | D:2      | Reached XP level 3. HP: 21/29 MP: 3/3
  1221 | D:2      | Found a bloodstained altar of Trog.
  1521 | D:3      | Gained mutation: You have large cloven feet. [demonic
                  | ancestry]
  1521 | D:3      | Reached XP level 4. HP: 36/36 MP: 4/4
  1972 | D:3      | Noticed Jessica
  1982 | D:3      | Killed Jessica
  1982 | D:3      | Reached XP level 5. HP: 5/42 MP: 1/5
  2381 | D:3      | Noticed Ijyb
  2388 | D:3      | Killed Ijyb
  2832 | D:4      | Noticed an ogre
  2838 | D:4      | Mangled by an ogre

Skill      XL: |  1  2  3  4  5 |
---------------+----------------+-----
Axes           | 2 3 4 |  4.0
Shields        | 3 4 |  4.5
Fighting       | |  3.0
Armour         | |  2.6

Action                   |  1- 3 |  4- 6 || total
-------------------------+-------+-------++-------
Melee: War axe           |   130 |    96 ||   226
       Kick              |       |    26 ||    26
  Use: Potion            |       |     1 ||     1
       Scroll            |       |     7 ||     7
  Eat: Chunk             |     2 |     4 ||     6
Armor: Scale mail        |    61 |       ||    61
       Chain mail        |       |    53 ||    53
Dodge: Dodged            |    42 |    14 ||    56
Block: Shield            |    66 |    47 ||   113

Levels and vault maps discovered:
D:1:      lightli_molten_gateway, layout_loops_ring
D:2:      layout_basic, lightli_temple_of_fire, first_ration
D:3:      layout_basic, nicolae_overflow_hidden_temple, uniq_jessica, uniq_ijyb
D:4:      layout_cave_pools, led_sif_book, elyvilon_altar_3,
          hangedman_decor_riveting
